 Dungeon Crawl Stone Soup version 0.25.0-10-g039870ee82 (webtiles) character file.

Game seed: 119701751073221870

637 Lavandula the Bolt Thrower (level 7, -7/57 HPs)
             Began as a Naga Arcane Marksman on June 23, 2020.
             Killed from afar by Dowan (13 damage)
             ... with a shard of ice
             ... on level 5 of the Dungeon.
             The game lasted 00:09:47 (1239 turns).

Lavandula the Bolt Thrower (Naga Arcane Marksman)   Turns: 1239, Time: 00:09:48

Health: -7/57      AC: 12    Str: 14    XL:     7   Next: 50%
Magic:  8/8        EV: 18    Int: 13    God:
Gold:   118        SH:  0    Dex: 12    Spells: 7/8 levels left

rFire    . . .     SeeInvis +   (weapon currently unavailable)
rCold    + . .     Gourm    .   (shield currently unavailable)
rNeg     + + +     Faith    .   (armour currently unavailable)
rPois    +         Spirit   .   (helmet currently unavailable)
rElec    .         Reflect  .   (cloak currently unavailable)
rCorr    .         Harm     .   (gloves currently unavailable)
MR       .....                  (no barding)
Stlth    +.........             (no amulet)
HPRegen  0.19/turn              r - ring of protection from cold
MPRegen  0.11/turn              v - ring of see invisible

@: fungus-form (expiring), flying
A: tiny, see invisible, slow metabolism 1, spit poison 1, AC +2
a: Spit Poison


You were on level 5 of the Dungeon.
You were hungry.
You were a sentient fungus.
You visited 1 branch of the dungeon, and saw 6 of its levels.

You collected 118 gold pieces.

Inventory:

Hand Weapons
 a - a +0 hand crossbow (melded)
 b - a +1 whip of flaming
 i - a +0 short sword
 j - a +0 mace
 p - a +3 dagger
 x - a +2 trident of freezing
Missiles
 d - a bolt
 k - 23 arrows
 B - 15 poisoned darts (quivered)
Armour
 e - a +0 robe (melded)
 h - a +0 pair of gloves (melded)
 o - a +2 helmet (melded)
 q - a +0 ring mail
Jewellery
 r - a ring of protection from cold (left hypha)
 t - an uncursed ring of wizardry {unknown}
 v - a ring of see invisible (right hypha)
 y - a cursed -4 ring of dexterity {unknown}
Scrolls
 c - a scroll of blinking
 l - a scroll of teleportation {unknown}
 n - a scroll of remove curse
 w - a scroll of magic mapping
 A - 2 scrolls of random uselessness
 C - 2 scrolls of identify {unknown}
Potions
 g - a potion of resistance {unknown}
 m - a potion of curing
 s - a potion of flight
 u - a potion of magic {unknown}
Comestibles
 f - 6 rations


   Skills:
 - Level 1.0 Fighting
 + Level 4.9 Polearms
 - Level 5.7 Crossbows
 - Level 1.5 Dodging
 - Level 1.0 Spellcasting
 - Level 3.0 Hexes


You had 7 spell levels left.
You knew the following spells:

 Your Spells              Type           Power        Failure   Level  Hunger
a - Corona                Hex            #......      9%          1    ##.....

Your spell library contained the following spells:

 Spells                   Type           Power        Failure   Level  Hunger
 Slow                     Hex            #.......     12%         2    ###....
 Inner Flame              Hex/Fire       #.......     41%         3    ####...
 Portal Projectile        Hex/Tloc       #.....       41%         3    ####...
 Cause Fear               Hex            #.........   63%         4    #####..
 Leda's Liquefaction      Hex/Erth       #.........   83%         4    #####..


Dungeon Overview and Level Annotations

Branches:
Dungeon (6/15)
 Temple: D:4-7

Altars:
Ashenzari
Ru

Shops:
D:4 [

Annotations:
D:5 Dowan


Innate Abilities, Weirdness & Mutations

You cannot wear boots.
((Your serpentine skin is tough. (AC +2)))
You have supernaturally acute eyesight. (SInv)
((Armour fits poorly on your strangely shaped body.))
((Your system is resistant to poisons. (rPois)))
((You cover ground very slowly.))
You have a slow metabolism.
You can spit poison.


Message History

Dowan hits you but does no damage.
Unknown command.
You release spores at Dowan but do no damage.
The adder completely misses you. Dowan completely misses you.
The adder barely misses you.
Unknown command.
You aren't carrying any items that you can evoke without wielding.
Unknown command.
You release spores at Dowan!
Dowan is moderately wounded.
Your transformation is almost over.
Dowan hits you but does no damage. The adder completely misses you.
Dowan gestures wildly while chanting.
Dowan blinks!
Unknown command.
You release spores at the adder!
You kill the adder!
Dowan points at you and mumbles some strange words.
The shard of ice hits you! You partially resist.
You die...

*,,,,,,,,,####.*
*,,,*****,#..#.####*******
*,,,* *,#..#.##..,,,,,,*
*,,,* *,#....##.#*****,*
*,,,* #(##...##.# *,*
,,,,* #..$((..#.# *,*
***###########(.#.# *,*
,,,............†#.# *,*
##########.....§f.# *,*
#..........####...# *,*
#.##.............##*****,*
..............e....,,,,,,*
#.##.###############******
#.##.# ..##.#******
#.......,,,* +.......,,,*


You could see Dowan (fast).

Vanquished Creatures
  Grinder (D:5)
  Duvessa (D:5)
  A bullfrog (D:4)
  A howler monkey (D:4)
  A crimson imp (D:5)
  A hound (D:5)
  An orc priest (D:4)
  A bullfrog skeleton (D:4)
  A centaur skeleton (D:4)
  3 gnolls (D:5)
  An adder (D:5)
  2 worms
  A dart slug (D:5)
  4 orcs (D:4)
  A ball python (D:4)
  A giant cockroach (D:4)
  2 goblins
  2 hobgoblins
  4 jackals (D:3)
  5 kobolds
  2 quokkas
  3 bats
  6 frilled lizards
  A jackal skeleton (D:4)
  3 rats
50 creatures vanquished.

Notes
Turn   | Place    | Note
-------+----------+-------------------------------------------
     0 | D:1      | Lavandula the Naga Arcane Marksman began the quest for the
                  | Orb.
     0 | D:1      | Reached XP level 1. HP: 18/18 MP: 2/2
    30 | D:1      | Reached skill level 2 in Crossbows
    90 | D:2      | Reached XP level 2. HP: 25/25 MP: 3/3
   234 | D:3      | Reached skill level 3 in Crossbows
   241 | D:3      | Reached XP level 3. HP: 28/31 MP: 4/4
   644 | D:4      | Reached XP level 4. HP: 38/38 MP: 5/5
   647 | D:4      | Found a sacrificial altar of Ru.
   720 | D:4      | Reached skill level 4 in Crossbows
   725 | D:4      | Noticed a bullfrog
   730 | D:4      | Killed a bullfrog
   730 | D:4      | Reached XP level 5. HP: 26/44 MP: 6/6
   782 | D:4      | Found Xefalaoss's Antique Armour Shop.
   792 | D:4      | Reached skill level 5 in Crossbows
   934 | D:4      | Reached XP level 6. HP: 45/51 MP: 7/7
   961 | D:5      | Entered Level 5 of the Dungeon
   971 | D:5      | Found a shattered altar of Ashenzari.
  1018 | D:5      | Reached skill level 1 in Polearms
  1078 | D:5      | Noticed Grinder
  1099 | D:5      | Killed Grinder
  1099 | D:5      | Reached XP level 7. HP: 54/57 MP: 8/8
  1203 | D:5      | Noticed Duvessa
  1213 | D:5      | Noticed Dowan
  1230 | D:5      | Killed Duvessa
  1239 | D:5      | Killed from afar by Dowan

Illustrated notes

Levels and vault maps discovered:
D:1:      lightli_arrival_boilingwater, layout_basic, st_stairs_14
D:2:      layout_rooms, st_stairs_8, serial_bayou_lagoon_a
D:3:      layout_basic, minmay_box_of_dots
D:4:      layout_loops_ring, lemuel_round_altar, serial_shops, shop,
          first_ration, chequers_serial_rivers_marsh
D:5:      layout_basic, evilmike_ruin_ashenzari, gup_sewer_entry_bowl,
          abandoned_shop, chequers_serial_rivers_micro_e, uniq_grinder,
          uniq_duvessa
D:6:      layout_gridville, lemuel_round_altar,
          minmay_fractal_squares_diagonal_5

Skill      XL: |  1  2  3  4  5  6  7 |
---------------+----------------------+-----
Crossbows      | 2 3 4 5 |  5.7
Polearms       | 3 4 |  4.9
Fighting       | |  1.0
Dodging        | |  1.5
Spellcasting   | |  1.0
Hexes          | |  3.0

Action                   |  1- 3 |  4- 6 |  7- 9 || total
-------------------------+-------+-------+-------++-------
Melee: Trident           |       |    40 |    16 ||    56
       Dagger            |       |     3 |       ||     3
       Unarmed           |       |       |    15 ||    15
 Fire: Hand crossbow     |    43 |    36 |     7 ||    86
 Abil: Spit Poison       |    11 |     5 |     3 ||    19
  Use: Potion            |       |     2 |     3 ||     5
       Scroll            |       |     2 |     2 ||     4
  Eat: Chunk             |       |     1 |       ||     1
Armor: Robe              |     5 |    11 |     3 ||    19
       Skin              |       |    57 |    21 ||    78
Dodge: Dodged            |    15 |    19 |    29 ||    63
